 Dungeon Crawl Stone Soup version 0.30-a0-802-gb92711bcdf (webtiles) character file.

Game seed: 1486659790635428706

2 cheesebisquit the Grave Robber (level 1, 0/14 HPs)
             Began as a Ghoul Necromancer on Feb 23, 2023.
             Slain by a quokka (1 damage)
             ... on level 1 of the Dungeon.
             The game lasted 00:01:47 (104 turns).

cheesebisquit the Grave Robber (Ghoul Necromancer)   Turns: 104, Time: 00:01:48

Health: 0/14       AC:  2    Str: 11    XL:     1   Next: 30%
Magic:  1/2        EV: 12    Int: 10    God:
Gold:   16         SH:  0    Dex:  9    Spells: 2/3 levels left

rFire   . . .      SeeInvis .    (no weapon)
rCold   + . .      Faith    .    (no shield)
rNeg    + + +      Spirit   .    a - +0 robe
rPois   ∞          Reflect  .    (no helmet)
rElec   .          Harm     .    (no cloak)
rCorr   .          Rampage  .    (no gloves)
Will    .....                    (no boots)
Stlth   ++                       (no amulet)
HPRegen 0.00/turn                (no ring)
MPRegen 0.08/turn                (no ring)

@: inhibited regen
A: claws 1, cold resistance 1, negative energy resistance 3, inhibited
regeneration, torment resistance 2, devour on kill
a: no special abilities


You were on level 1 of the Dungeon.
You visited 1 branch of the dungeon, and saw 1 of its levels.

You collected 16 gold pieces.

Inventory:

Armour
 a - a +0 robe (worn)
Scrolls
 d - a scroll of fear {unknown}
Potions
 c - a potion of invisibility {unknown}


   Skills:
 + Level 0.1 Fighting
 - Level 1.7 Dodging
 + Level 2.2 Stealth
 + Level 0.1 Unarmed Combat
 + Level 1.8 Spellcasting
 + Level 4.0 Necromancy


You had 2 spell levels left.
You knew the following spells:

 Your Spells              Type           Power      Damage    Failure   Level
a - Necrotise             Necr           32%        1d5       6%          1

Your spell library contained the following spells:

 Spells                   Type           Power      Damage    Failure   Level
 Vampiric Draining        Necr           8%         2d6       19%         3
 Animate Dead             Necr           8%         N/A       52%         4
 Agony                    Necr           8%         N/A       86%         5


Dungeon Overview and Level Annotations

Branches:
Dungeon (1/15)

Altars:


Innate Abilities, Weirdness & Mutations

You are immune to poison.
You have sharp fingernails.
Your flesh is cold resistant. (rC+)
You are immune to negative energy. (rN+++)
You do not regenerate when monsters are visible.
You are immune to unholy pain and torment.
You thrive by killing the living.


Message History

Nothing appears to happen.
The quokka completely misses you. The giant cockroach bites you.
The frilled lizard closely misses you.
Your rat skeleton barely misses the quokka.
You closely miss the quokka.
The quokka bites you but does no damage.
The giant cockroach barely misses you. The frilled lizard bites you.
You scratch the quokka but do no damage.
The quokka barely misses you.
Your rat skeleton bites the quokka.
The giant cockroach closely misses you. The frilled lizard bites you.
You scratch the quokka but do no damage.
The quokka is lightly wounded.
The quokka closely misses you.
The giant cockroach bites you but does no damage.
Your rat skeleton misses the quokka.
The frilled lizard closely misses you.
You barely miss the quokka.
The quokka is lightly wounded.
The quokka misses you. The giant cockroach closely misses you.
Your rat skeleton barely misses the quokka.
The frilled lizard closely misses you. The giant cockroach barely misses you.
The quokka barely misses you.
You scratch the quokka but do no damage.
The quokka is lightly wounded.
The quokka bites you but does no damage.
The giant cockroach closely misses you. The frilled lizard barely misses you.
Your rat skeleton bites the quokka.
You scratch the quokka but do no damage.
The quokka is heavily wounded.
The quokka bites you. The giant cockroach barely misses you.
The frilled lizard bites you.
* * * LOW HITPOINT WARNING * * *
Your magical contamination has completely faded away.
You closely miss the quokka.
The quokka is heavily wounded.
The quokka completely misses you.
Your rat skeleton bites the quokka.
The giant cockroach closely misses you. The frilled lizard bites you.
* * * LOW HITPOINT WARNING * * *
Okay, then.
The quokka bites you.
You die...

~~~~~~####. ~~~~~~~##.#
..### ~~☼~#~÷##.###...
~~~~~~~##...#.####
~~~~~~~#.......... # #.
########....#.###. .##...
.<....'†....#...#+#.....#
########...##.........>.#
~~~~~~~#........@.l...#
~~~~~~~##.#####ZrB....#
~~~~#~~##.# #.......#
~~~~~~~#### #.......#
~~~~~~## #.......#
####### #.......#
#.......# #.......#


You could see a quokka, a giant cockroach (ally target), a frilled lizard and a
friendly rat skeleton.

Vanquished Creatures
  A ball python (D:1)
  A frilled lizard (D:1)
  A rat (D:1)
3 creatures vanquished.

Notes
Turn   | Place    | Note
-------+----------+-------------------------------------------
     0 | D:1      | cheesebisquit the Ghoul Necromancer began the quest for the
                  | Orb.
     0 | D:1      | Reached XP level 1. HP: 14/14 MP: 2/2
   104 | D:1      | Slain by a quokka

Illustrated notes

Levels and vault maps discovered:
D:1:      saegor_arrival_miasma, layout_basic, minmay_statues_item,
          bh_walls_and_bars

Action                     || total
---------------------------++-------
  Melee: Unarmed           ||    16
   Cast: Necrotise         ||     5
    Use: Potion            ||     1
 Armour: Robe              ||     5
  Dodge: Dodged            ||    34

Table legend: (Time is in decaauts)
 A = Elapsed time spent in this place.
 B = Non-inter-level travel time spent in this place.
 C = Inter-level travel time spent in this place.
 D = Time resting spent in this place.
 E = Time spent auto-exploring this place.
 F = Levels seen in this place.
 G = Mean time per level.
                   A        B        C        D        E       F      G
               +--------+--------+--------+--------+--------+-----+--------+
         Total |    104 |    104 |      0 |      0 |     56 |   1 |  104.0 |
       Dungeon |    104 |    104 |      0 |      0 |     56 |   1 |  104.0 |
               +--------+--------+--------+--------+--------+-----+--------+

Top non-repeatable levels by time:
     D:1: 104 daAuts
